Map: Frozen Temple

Players

Sammy - Winner!

  • Race: Zerg Zerg
  • League: Master

cutefatboy

  • Race: Terran Terran
  • League: Master

VOD

Have the link to the VOD?

Description

Time

  • Played on: Aug. 22, 2016, 11:02 p.m.
  • Length: 13:21
Show
View Real Time Build Order
Export as new Build Order

Sammy Zerg - Winner!

Build Orders: Hatch First 

Get SALT Encoding   

  12  0:00  Drone  
  13  0:12  Overlord  
  13  0:17  Drone  
  14  0:32  Drone x2  
  16  0:35  Drone  
  17  0:53  Hatchery  
  17  0:55  Drone  
  17  0:58  Drone  
  18  1:09  Extractor  
  17  1:13  Spawning Pool  
  17  1:15  Drone  
  17  1:19  Drone  
  18  1:31  Drone  
  19  1:40  Drone  
  20  1:50  Overlord  
  20  1:59  Queen  
  22  2:05  Queen  
  22  2:06  Zergling x4  
  26  2:10  Metabolic Boost  
  26  2:15  Drone  
  26  2:17  Drone  
  28  2:29  Drone x2  
  30  2:34  Drone  
  31  2:38  Drone  
  31  2:40  Hatchery  
  31  2:47  Queen  
  33  2:51  Overlord  
  33  2:55  Drone  
  33  2:57  Drone  
  35  2:59  Drone  
  36  3:07  Roach Warren  
  36  3:11  Drone  
  36  3:18  Drone x4  
  40  3:23  Zergling x4  
  42  3:29  Queen  
  42  3:33  Extractor  
  43  3:35  Overlord  
  43  3:46  Zergling x2  
  43  3:48  Overlord  
  44  4:02  Zergling x8  
  48  4:04  Drone  
  48  4:05  Drone x5  
  54  4:12  Lair  
  54  4:15  Drone  
  54  4:16  Drone x3  
  55  4:24  Drone x5  
  54  4:29  Drone  
  54  4:30  Drone x3  
  62  4:35  Overlord  
  62  4:36  Overlord  
  62  4:43  Roach x2  
  63  4:49  Roach  
  65  4:53  Extractor  
  65  4:57  Roach x4  
  65  4:58  Roach  
  74  5:09  Overlord  
  74  5:12  Drone x3  
  77  5:17  Drone x3  
  77  5:21  Extractor  
  78  5:22  Glial Reconstitution  
  78  5:23  Drone  
  78  5:26  Spire, Drone  
  78  5:28  Drone x2  
  81  5:30  Baneling Nest  
  81  5:34  Zergling x2  
  81  5:38  Roach x3  
  87  5:43  Overlord x3  
  87  5:44  Overlord  
  87  5:51  Extractor, Zergling x2  
  87  5:52  Extractor, Zergling x6  
  89  6:03  Ravager x3, Zergling x2  
  92  6:04  Zergling x14  
  95  6:13  Queen  
  94  6:20  Roach x4  
  94  6:21  Roach x2  
  94  6:22  Ravager  
  107  6:31  Overlord x3  
  95  6:48  Roach x6  
  100  7:00  Zerg Flyer Weapons Level 1  
  100  7:03  Drone  
  100  7:04  Drone x2  
  100  7:05  Drone x2  
  100  7:06  Drone x2, Evolution Chamber  
  100  7:07  Evolution Chamber, Drone  
  100  7:08  Drone x4  
  110  7:22  Hatchery  
  110  7:24  Mutalisk x2  
  110  7:25  Mutalisk x2  
  104  7:31  Roach x2  
  104  7:32  Roach  
  104  7:33  Ravager x2  
  104  7:35  Roach  
  104  7:36  Roach  
  104  7:37  Ravager x3  
  104  7:41  Roach  
  109  7:44  Ravager  
  109  7:46  Ravager, Zergling x2  
  109  7:47  Zergling x8  
  116  7:52  Zergling x4  
  116  7:53  Zergling x4  
  120  8:01  Roach x3  
  120  8:02  Roach  
  128  8:10  Roach x3  
  126  8:13  Overlord x3  
  114  8:28  Overlord  
  114  8:31  Queen x3  
  114  8:33  Roach x2  
  114  8:34  Zergling x4  
  126  8:36  Zergling x4  
  126  8:38  Zergling x2  
  126  8:39  Zergling x2  
  126  8:40  Zergling x2  
  131  8:43  Zergling x4  
  131  8:45  Ravager  
  131  8:48  Zergling x6  
  133  9:02  Zergling x2  
  117  9:03  Zergling x8  
  117  9:08  Roach x3  
  118  9:13  Queen  
  120  9:18  Zerg Flyer Weapons Level 2  
  120  9:19  Zerg Melee Weapons Level 1, Zerg Ground Armor Level 1  
  120  9:31  Mutalisk x8  
  128  9:42  Mutalisk x3  
  129  9:52  Drone x5  
  134  9:53  Drone  
  134  9:54  Drone x6  
  141  10:07  Mutalisk x2  
  141  10:08  Mutalisk x2  
  141  10:11  Zergling x4  
  151  10:14  Overseer  
  151  10:18  Overlord x4  
  151  10:30  Extractor x2  
  151  10:32  Zergling x4  
  151  10:34  Baneling x5  
  151  10:36  Centrifical Hooks  
  146  10:51  Infestation Pit, Overlord  
  129  11:05  Zergling x24  
  129  11:06  Zergling x20  
  145  11:22  Roach  
  145  11:23  Roach x2  
  146  11:30  Baneling  
  146  11:31  Baneling x19  
  146  11:32  Baneling  
  146  11:36  Roach x2  
  146  11:37  Zergling x2  
  122  12:03  Mutalisk x3  
  128  12:17  Zergling x2  
  128  12:18  Zergling x14  
  128  12:19  Hatchery  
  135  12:26  Zergling x2  
  136  12:30  Baneling x2  
  136  12:40  Hatchery  
  136  12:42  Baneling  
  136  12:43  Baneling x3  
  135  12:45  Roach x5  
  145  12:57  Zergling x4  
  145  12:58  Zergling x4  
Show
View Real Time Build Order
Export as new Build Order

cutefatboy Terran 

Build Orders: Reaper Expand, Bio Tank 

Get SALT Encoding   

  12  0:00  SCV  
  13  0:13  SCV  
  14  0:18  Supply Depot  
  14  0:25  SCV  
  15  0:40  SCV  
  15  0:41  Barracks  
  16  0:45  Refinery  
  16  0:52  SCV  
  17  1:04  SCV  
  18  1:16  SCV  
  19  1:29  Reaper, Orbital Command  
  20  1:41  Command Center  
  20  1:53  Barracks  
  20  1:56  SCV  
  21  2:02  Barracks Reactor  
  21  2:05  Supply Depot  
  22  2:08  SCV  
  22  2:20  SCV  
  23  2:26  Factory  
  23  2:27  Refinery  
  23  2:32  SCV  
  24  2:38  Marine  
  24  2:39  Marine  
  24  2:41  Barracks Tech Lab  
  26  2:44  SCV  
  27  2:53  Orbital Command  
  27  2:57  SCV  
  28  3:00  Marine x3  
  31  3:07  Stimpack  
  31  3:09  SCV  
  31  3:12  Widow Mine  
  34  3:18  Marine x2  
  36  3:20  Marine  
  36  3:21  SCV  
  38  3:30  Bunker  
  38  3:32  Starport  
  38  3:33  SCV  
  39  3:36  SCV  
  39  3:39  Marine x2  
  42  3:41  Marine  
  42  3:45  Factory Tech Lab  
  43  3:50  SCV x2  
  45  3:58  Supply Depot  
  45  4:00  Supply Depot  
  45  4:02  SCV  
  45  4:03  SCV  
  46  4:17  Refinery  
  46  4:20  Medivac, Siege Tank  
  46  4:24  SCV x2, Marine x3  
  56  4:33  Supply Depot  
  56  4:36  SCV x2  
  58  4:42  Marine x3  
  61  4:46  Engineering Bay  
  61  4:48  SCV  
  62  4:53  Barracks  
  62  4:54  Medivac  
  62  4:55  SCV, Barracks  
  62  4:58  Siege Tank  
  68  5:02  Marine  
  68  5:03  Marine  
  70  5:11  Combat Shields  
  70  5:14  Terran Infantry Weapons Level 1  
  70  5:18  Supply Depot  
  70  5:21  Supply Depot  
  70  5:27  Supply Depot  
  70  5:30  Starport Reactor  
  70  5:39  SCV x2, Marine  
  73  5:42  Marine  
  73  5:43  Marine  
  73  5:44  Barracks Reactor x2  
  75  5:50  Supply Depot  
  75  5:52  SCV, Supply Depot, Barracks  
  74  6:00  Marine  
  74  6:01  Siege Tank  
  74  6:02  Marine  
  74  6:03  Marine  
  76  6:18  Marine  
  76  6:20  Marine  
  76  6:21  Medivac  
  76  6:22  SCV  
  76  6:23  SCV  
  82  6:26  Marine x3  
  85  6:34  Siege Tank, SCV  
  80  6:53  Marine  
  77  6:54  Marine x5, Barracks Reactor  
  77  7:00  SCV x2  
  84  7:06  Siege Tank, Engineering Bay  
  84  7:08  Terran Infantry Armor Level 1  
  87  7:11  Armory  
  87  7:12  Command Center, Marine  
  87  7:17  Marine x3  
  87  7:18  Marine x3  
  91  7:32  Marine  
  91  7:33  Marine x2  
  91  7:35  Marine  
  94  7:38  Siege Tank  
  94  7:40  Marine x3  
  94  7:41  Marine  
  94  7:42  SCV x2  
  103  7:54  Marine x4  
  103  7:55  Marine  
  105  8:03  Marine  
  105  8:04  Marine x2  
  108  8:10  Siege Tank  
  97  8:20  Marine x6  
  97  8:21  Marine  
  97  8:22  Marine  
  97  8:23  Medivac x2  
  109  8:29  Marine  
  110  8:35  SCV x2, Barracks  
  110  8:37  Orbital Command  
  110  8:41  Barracks  
  112  8:42  Siege Tank  
  112  8:45  Marine x8  
  123  8:50  Supply Depot  
  123  8:51  Supply Depot  
  123  8:53  Medivac  
  123  9:02  Marine x2  
  99  9:03  Marine  
  99  9:06  Marine  
  99  9:07  Marine x4  
  99  9:09  Medivac  
  98  9:10  Marine  
  98  9:11  SCV x2  
  100  9:17  Siege Tank  
  100  9:18  SCV, Terran Infantry Weapons Level 2  
  100  9:19  Marine  
  100  9:20  Marine  
  100  9:23  Refinery, SCV x2  
  108  9:30  Refinery, SCV  
  95  9:35  Marine x7  
  98  9:43  Marine  
  98  9:45  Terran Infantry Armor Level 2  
  98  9:46  Barracks Reactor x2  
  98  9:49  SCV x2  
  98  9:50  SCV  
  98  9:52  Marine x2  
  101  9:53  Marine  
  104  10:01  SCV x2  
  104  10:02  SCV  
  104  10:06  Marine  
  104  10:07  Marine x4  
  106  10:08  Siege Tank  
  106  10:10  Sensor Tower  
  106  10:13  Refinery, SCV x2  
  115  10:15  SCV  
  115  10:21  Medivac x2, Marine  
  120  10:22  Marine x3  
  120  10:23  Marine  
  120  10:24  Marine x2  
  120  10:28  Marine x2  
  127  10:34  Marine x3  
  132  10:40  Siege Tank  
  135  10:43  Marine  
  135  10:44  Marine x5  
  141  10:51  Supply Depot  
  141  10:52  Supply Depot  
  141  10:55  Marine, Supply Depot  
  141  10:56  Marine  
  141  10:58  Missile Turret  
  126  11:04  Marine x3  
  126  11:05  Marine x5  
  126  11:09  Marine x2  
  126  11:10  Marine  
  124  11:17  Marine  
  117  11:23  Marine x3  
  117  11:24  Marine x2  
  118  11:37  Marine  
  118  11:38  Marine x4  
  102  11:59  Marine  
  102  12:00  Marine x7  
  101  12:16  Marine  
  101  12:17  Medivac  
  90  12:28  Medivac  
  92  12:35  Orbital Command  
  92  12:47  Medivac  
Tags
 
Add a new tag
Caveats
  • Supply blocks, unpowered buildings, or Contaminate may cause inaccurate times.
  • Supply counts are checked every 10 seconds.